Remparts vs Mustangs
Created - January 18, 2018 at 20:00
Goals
|
| Remparts |
2 |
2 |
0 |
4 |
| Mustangs |
3 |
2 |
1 |
6 |
|
Shots
|
| Remparts |
13 |
13 |
6 |
32 |
| Mustangs |
18 |
12 |
11 |
41 |
|
1st period
1. Mustangs , Derek Joslin 3 (Riley Sheahan 49) at 10:10
2. Remparts , Max Reinhart 9 (Daniel Paille 15, Ryan Strome 18) at 11:50 (PP)
3. Mustangs , Riley Sheahan 28 (Marcus Foligno 30, Josh Jooris 35) at 12:48
4. Mustangs , Tomas Tatar 16 (Jim O'Brien 18, Brady Skjei 25) at 13:03
5. Remparts , Alex Galchenyuk 24 (Guillaume Desbiens 31, Kris Russell 5) at 13:15
Penalties :
Joshua Leivo (Ham) for Hooking (Minor) at 11:14, Pasi Salonen (Que) for Hooking (Minor) at 19:41
2nd period
6. Remparts , Daniel Paille 21 (Max Reinhart 18, Ryan Strome 19) at 2:42
7. Mustangs , Jim O'Brien 11 (Mark Pysyk 12, Tomas Tatar 12) at 9:26 (PP)
8. Mustangs , Justin Williams 7 (Joshua Leivo 6, Jim O'Brien 19) at 10:15
9. Remparts , Brandon Mashinter 1 (Matt Halischuk 13, Pasi Salonen 17) at 19:11
Penalties :
Marcus Foligno (Ham) for Tripping (Minor) at 0:14, Matt Halischuk (Que) for Hooking (Minor) at 8:45
3rd period
10. Mustangs , Brady Skjei 5 (Tomas Tatar 13, Jim O'Brien 20) at 0:56
Penalties :
Ryan Strome (Que) for Hooking (Minor) at 18:08
Goalie Stats
Tyler Plante (Que), 35 saves from 41 shots - (0.854), L, 10-11-1, 60:00 minutes
Chet Pickard (Ham), 28 saves from 32 shots - (0.875), W, 8-1-4, 60:00 minutes
Players Stats for Remparts
Player Name G A P +/- PIM S H SB GA TA FO MP PP MP PK MP
------------------------------------------------------------------------------------
Alex Galchenyuk 1 0 1 -1 0 5 0 2 1 1 0/1 21:15 0:56 0:16
Brandon Mashinter 1 0 1 0 0 1 2 0 1 0 4/7 12:48 0:00 0:09
Chris Mueller 0 0 0 -1 0 2 0 1 0 0 2/4 8:55 0:00 0:32
Cody Ceci 0 0 0 -1 0 1 1 1 0 1 0/0 27:24 0:33 2:16
Dale Weise 0 0 0 -1 0 0 0 0 0 0 0/0 8:23 0:00 0:00
Daniel Paille 1 1 2 0 0 2 1 0 0 0 0/0 14:52 0:13 0:19
Griffin Reinhart 0 0 0 -2 0 0 0 1 0 1 0/0 17:03 0:00 0:13
Guillaume Desbiens 0 1 1 -1 0 2 1 0 0 2 2/3 19:34 0:23 0:07
Johannes Salmonsson 0 0 0 -1 0 4 1 0 0 0 0/0 10:21 0:00 1:58
Kris Russell 0 1 1 -1 0 0 2 3 1 0 0/0 26:33 1:09 0:49
Matt Halischuk 0 1 1 0 2 2 2 1 0 0 0/0 12:38 0:00 0:00
Max Reinhart 1 1 2 0 0 1 0 2 0 0 10/17 16:52 0:13 1:58
Michal Jordan 0 0 0 1 0 1 0 1 1 0 0/0 14:21 0:00 0:00
Mika Zibanejad 0 0 0 -1 0 3 1 1 0 0 8/28 21:18 0:56 0:19
Mike Weber 0 0 0 -2 0 4 0 4 0 1 0/0 19:42 0:36 2:16
Pasi Salonen 0 1 1 0 2 3 1 0 0 0 0/0 13:58 0:33 0:32
Ryan Strome 0 2 2 0 2 1 0 1 0 2 0/0 14:32 0:13 0:00
William Colbert 0 0 0 1 0 0 0 1 0 1 0/0 14:57 0:00 0:36
Players Stats for Mustangs
Player Name G A P +/- PIM S H SB GA TA FO MP PP MP PK MP
------------------------------------------------------------------------------------
Andreas Athanasiou 0 0 0 0 0 1 1 0 0 0 1/4 12:30 0:00 0:00
Andrew Shaw 0 0 0 1 0 2 2 0 1 0 1/1 17:20 1:11 0:33
Brady Skjei 1 1 2 2 0 6 0 1 0 1 0/0 26:05 1:49 1:09
Cameron Gaunce 0 0 0 -1 0 0 3 2 0 1 0/0 19:53 1:16 0:00
Curtis Hamilton 0 0 0 -1 0 0 1 0 0 0 0/0 9:45 0:00 0:00
Denis Bodrov 0 0 0 1 0 1 1 0 0 1 0/0 13:49 0:00 0:00
Derek Joslin 1 0 1 2 0 6 3 1 0 0 0/0 26:05 1:49 1:09
Jerome Samson 0 0 0 -1 0 1 2 0 1 0 0/0 9:45 0:00 0:00
Jim O'Brien 1 3 4 1 0 4 2 0 0 1 7/13 15:13 1:11 0:05
Josh Jooris 0 1 1 2 0 3 0 0 1 0 1/2 19:47 1:54 0:00
Joshua Leivo 0 1 1 0 2 2 0 0 0 0 0/0 12:29 0:00 0:00
Justin Williams 1 0 1 0 0 2 1 0 3 0 0/1 12:51 0:00 0:00
Marcus Foligno 0 1 1 2 2 2 4 0 3 0 0/2 20:32 1:53 0:31
Mark Pysyk 0 1 1 -1 0 1 0 0 0 0 0/0 20:03 1:16 0:00
Riley Nash 0 0 0 -1 0 2 0 0 0 0 1/5 9:45 0:00 0:00
Riley Sheahan 1 1 2 2 0 4 3 0 0 0 23/32 22:20 1:54 1:04
Scott Mayfield 0 0 0 1 0 0 2 0 0 0 0/0 13:46 0:00 0:00
Tomas Tatar 1 2 3 1 0 4 1 0 0 0 0/0 15:25 1:11 0:05
3 Stars
1 - Jim O'Brien (Ham)
2 - Tomas Tatar (Ham)
3 - Riley Sheahan (Ham)
Power Play
Remparts - 1 on 2 Attempt(s) - 50.00%
Mustangs - 1 on 3 Attempt(s) - 33.33%
Penalty Kill
Remparts - 2 on 3 Attempt(s) - 66.67%
- Score 0 goal in Penalty Kill
Mustangs - 1 on 2 Attempt(s) - 50.00%
- Score 0 goal in Penalty Kill
Team Stat
Remparts - Hits : 12 - Faceoff Wins : 26 - Blocked Shots : 19 - Penalty Minutes : 6
Mustangs - Hits : 26 - Faceoff Wins : 34 - Blocked Shots : 4 - Penalty Minutes : 4
Official
Referees : LaRue Dennis and Sutherland Kelly
Linesman : Darren Gibbs and Shane Heyer
Game Notes
13:03 of 1st period - Mustangs goal is going for a video replay. After video review, Goal.
Finance
Level 1 -- Attendance: 1539 (76.95%) -- Ticket Income $61,560
Level 2 -- Attendance: 685 (68.50%) -- Ticket Income $13,700
Total Attendance: 2224 (74.13%)
Total Ticket Income: $75,260
Other Income: $3,763
Total Income: $79,023
Remparts
5 vs 5 Forward
Center Left Wing Right Wing Time % Phy DF OF
1 Mika Zibanejad Alex Galchenyuk Guillaume Desbiens 40 0 2 3
2 Max Reinhart Daniel Paille Ryan Strome 30 0 2 3
3 Brandon Mashinter Pasi Salonen Matt Halischuk 20 0 2 3
4 Chris Mueller Johannes Salmonsson Dale Weise 10 0 2 3
5 vs 5 Defense
Defense Defense Time % Phy DF OF
1 Kris Russell Cody Ceci 40 1 2 2
2 Mike Weber Griffin Reinhart 30 1 2 2
3 William Colbert Michal Jordan 20 1 2 2
4 Kris Russell Cody Ceci 10 1 2 2
PowerPlay Forward
Center Left Wing Right Wing Time % Phy DF OF
1 Mika Zibanejad Alex Galchenyuk Guillaume Desbiens 60 1 0 4
2 Max Reinhart Daniel Paille Ryan Strome 40 1 0 4
PowerPlay Defense
Defense Defense Time % Phy DF OF
1 Kris Russell Mike Weber 60 0 2 3
2 William Colbert Griffin Reinhart 40 0 2 3
Penalty Kill 4 Players Forward
Center Wing Time % Phy DF OF
1 Max Reinhart Johannes Salmonsson 60 0 4 1
2 Chris Mueller Pasi Salonen 40 0 4 1
Penalty Kill 4 Players Defense
Defense Defense Time % Phy DF OF
1 Cody Ceci Mike Weber 60 1 4 0
2 William Colbert Kris Russell 40 1 4 0
Penalty Kill - 3 Players Forward
Forward Time % Phy DF OF
1 Max Reinhart 60 0 4 1
2 Chris Mueller 40 0 4 1
Penalty Kill - 3 Players Defense
Defense Defense Time % Phy DF OF
1 Cody Ceci Mike Weber 60 1 4 0
2 William Colbert Kris Russell 40 1 4 0
4 vs 4 Forward
Center Wing Time % Phy DF OF
1 Mika Zibanejad Alex Galchenyuk 60 0 2 3
2 Max Reinhart Guillaume Desbiens 40 0 2 3
4 vs 4 Defense
Defense Defense Time % Phy DF OF
1 Kris Russell Cody Ceci 60 1 2 2
2 Mike Weber Griffin Reinhart 40 1 2 2
Last Minutes Offensive
Center Left Wing Right Wing Defense Defense
Mika Zibanejad Alex Galchenyuk Guillaume Desbiens Kris Russell Mike Weber
Last Minutes Defensive
Center Left Wing Right Wing Defense Defense
Max Reinhart Johannes Salmonsson Guillaume Desbiens Cody Ceci Mike Weber
Goaltenders
Starting : Tyler Plante
Backup : Igor Bobkov
Extra Forwards
Normal : Ryan Strome, Alex Galchenyuk, Mika Zibanejad - PP : Ryan Strome, Alex Galchenyuk - PK : Guillaume Desbiens
Extra Defensemen
Normal : Griffin Reinhart, Cody Ceci, Mike Weber - PP : Cody Ceci - PK : Griffin Reinhart, Cody Ceci
Penalty Shots
Alex Galchenyuk, Pasi Salonen, Daniel Paille, Ryan Strome, Matt Halischuk
Scratches
Dainius Zubrus (Healthy), Michael Paliotta (Healthy), Anton Zlobin (Healthy), Mitchell Heard (Healthy), Erik Gustafsson (Healthy)
Patrick Maroon (Healthy), Tim Bozon (Healthy), François Brassard (Healthy)
Mustangs
5 vs 5 Forward
Center Left Wing Right Wing Time % Phy DF OF
1 Riley Sheahan Marcus Foligno Josh Jooris 40 1 2 2
2 Jim O'Brien Tomas Tatar Andrew Shaw 30 1 2 2
3 Andreas Athanasiou Joshua Leivo Justin Williams 20 1 2 2
4 Riley Nash Curtis Hamilton Jerome Samson 10 1 2 2
5 vs 5 Defense
Defense Defense Time % Phy DF OF
1 Derek Joslin Brady Skjei 44 1 2 2
2 Cameron Gaunce Mark Pysyk 33 1 2 2
3 Denis Bodrov Scott Mayfield 23 1 2 2
4 Derek Joslin Brady Skjei 0 1 2 2
PowerPlay Forward
Center Left Wing Right Wing Time % Phy DF OF
1 Riley Sheahan Marcus Foligno Josh Jooris 60 1 2 2
2 Jim O'Brien Tomas Tatar Andrew Shaw 40 1 2 2
PowerPlay Defense
Defense Defense Time % Phy DF OF
1 Derek Joslin Brady Skjei 60 1 2 2
2 Cameron Gaunce Mark Pysyk 40 1 2 2
Penalty Kill 4 Players Forward
Center Wing Time % Phy DF OF
1 Riley Sheahan Marcus Foligno 60 1 2 2
2 Jim O'Brien Tomas Tatar 40 1 2 2
Penalty Kill 4 Players Defense
Defense Defense Time % Phy DF OF
1 Derek Joslin Brady Skjei 60 1 2 2
2 Cameron Gaunce Mark Pysyk 40 1 2 2
Penalty Kill - 3 Players Forward
Forward Time % Phy DF OF
1 Riley Sheahan 60 1 2 2
2 Jim O'Brien 40 1 2 2
Penalty Kill - 3 Players Defense
Defense Defense Time % Phy DF OF
1 Derek Joslin Brady Skjei 60 1 2 2
2 Cameron Gaunce Mark Pysyk 40 1 2 2
4 vs 4 Forward
Center Wing Time % Phy DF OF
1 Riley Sheahan Marcus Foligno 60 1 2 2
2 Jim O'Brien Tomas Tatar 40 1 2 2
4 vs 4 Defense
Defense Defense Time % Phy DF OF
1 Derek Joslin Brady Skjei 60 1 2 2
2 Cameron Gaunce Mark Pysyk 40 1 2 2
Last Minutes Offensive
Center Left Wing Right Wing Defense Defense
Riley Sheahan Marcus Foligno Josh Jooris Derek Joslin Brady Skjei
Last Minutes Defensive
Center Left Wing Right Wing Defense Defense
Riley Sheahan Marcus Foligno Josh Jooris Derek Joslin Brady Skjei
Goaltenders
Starting : Chet Pickard
Backup : Peter Mannino
Extra Forwards
Normal : Riley Sheahan, Andrew Shaw, Justin Williams - PP : Riley Sheahan, Andrew Shaw - PK : Marcus Foligno
Extra Defensemen
Normal : Cameron Gaunce, Denis Bodrov, Derek Joslin - PP : Cameron Gaunce - PK : Denis Bodrov, Mark Pysyk
Penalty Shots
Andreas Athanasiou, Jim O'Brien, Andrew Shaw, Marcus Foligno, Josh Jooris
Scratches
Roman Horak (Healthy), Alexei Marchenko (Torn Left Knee Ligaments Injury), Dominik Uher (Healthy), Joe Finley (Healthy), Eric Knodel (Healthy)
Matthew Finn (Healthy), Danny Biega (Healthy), Raphael Bussieres (Healthy), Sam Kurker (Healthy), Max Gortz (Healthy)
Rick Schofield (Healthy), Francis Paré (Healthy), Justin Peters (Healthy), Joacim Eriksson (Healthy)
% Time on Ice - Remparts
Lines # - Real PCT - Wanted PCT - Time Play
Normal Forward
1 - 35% - 40% - 18:58
2 - 26% - 30% - 14:20
3 - 23% - 20% - 12:39
4 - 15% - 10% - 8:23
Normal Defense
1 - 37% - 40% - 20:15
2 - 31% - 30% - 16:38
3 - 26% - 20% - 14:21
4 - 6% - 10% - 3:06
PP Forward
1 - 81% - 60% - 0:56
2 - 19% - 40% - 0:13
PP Defense
1 - 100% - 60% - 1:09
2 - 0% - 40% - 0:00
PK Forward
1 - 83% - 60% - 2:33
2 - 17% - 40% - 0:32
PK Defense
1 - 81% - 60% - 2:29
2 - 19% - 40% - 0:36
PK3 Forward
1 - 0% - 60%
2 - 0% - 40%
PK3 Defense
1 - 0% - 60%
2 - 0% - 40%
44 Forward
1 - 76% - 60% - 1:05
2 - 24% - 40% - 0:21
44 Defense
1 - 86% - 60% - 1:14
2 - 14% - 40% - 0:12
Last Minute Offensive - 0:00
Last Minute Defensive - 0:00
Total
Forward - 60:00
Defense - 60:00
|
% Time on Ice - Mustangs
Lines # - Real PCT - Wanted PCT - Time Play
Normal Forward
1 - 33% - 40% - 18:08
2 - 26% - 30% - 13:57
3 - 23% - 20% - 12:30
4 - 18% - 10% - 9:45
Normal Defense
1 - 41% - 44% - 22:17
2 - 34% - 33% - 18:22
3 - 25% - 23% - 13:41
4 - 0% - 0% - 0:00
PP Forward
1 - 62% - 60% - 1:54
2 - 38% - 40% - 1:11
PP Defense
1 - 59% - 60% - 1:49
2 - 41% - 40% - 1:16
PK Forward
1 - 93% - 60% - 1:04
2 - 7% - 40% - 0:05
PK Defense
1 - 100% - 60% - 1:09
2 - 0% - 40% - 0:00
PK3 Forward
1 - 0% - 60%
2 - 0% - 40%
PK3 Defense
1 - 0% - 60%
2 - 0% - 40%
44 Forward
1 - 100% - 60% - 1:26
2 - 0% - 40% - 0:00
44 Defense
1 - 83% - 60% - 1:11
2 - 17% - 40% - 0:15
Last Minute Offensive - 0:00
Last Minute Defensive - 0:00
Total
Forward - 60:00
Defense - 60:00
|
Play by Play
1st period
0:01 of 1st period - Guillaume Desbiens wins face-off versus Riley Sheahan in neutral zone.
0:50 of 1st period - Wrist shot by Jim O'Brien.
0:50 of 1st period - Stopped by Tyler Plante with a rebound.
1:14 of 1st period - Snap shot by Alex Galchenyuk.
1:14 of 1st period - Stopped by Chet Pickard with a rebound.
1:40 of 1st period - Wrist shot by Brady Skjei.
1:40 of 1st period - Shot Blocked by Chris Mueller.
1:42 of 1st period - Slapshot by Derek Joslin.
1:42 of 1st period - Stopped by Tyler Plante with a rebound.
2:22 of 1st period - Icing by Brandon Mashinter.
2:23 of 1st period - Brandon Mashinter wins face-off versus Riley Nash in Remparts zone.
2:34 of 1st period - Icing by Riley Nash.
2:35 of 1st period - Max Reinhart wins face-off versus Riley Nash in Mustangs zone.
2:50 of 1st period - Snap shot by Daniel Paille.
2:50 of 1st period - Shot Misses the Net.
3:44 of 1st period - Joshua Leivo is hit by Kris Russell and loses puck.
3:52 of 1st period - Off-side.
3:53 of 1st period - Riley Sheahan wins face-off versus Mika Zibanejad in neutral zone.
4:02 of 1st period - Snap shot by Marcus Foligno.
4:02 of 1st period - Shot Blocked by Mika Zibanejad.
6:15 of 1st period - Snap shot by Ryan Strome.
6:15 of 1st period - Stopped by Chet Pickard with a rebound.
6:29 of 1st period - Griffin Reinhart is hit by Marcus Foligno and loses puck.
7:04 of 1st period - Cody Ceci is hit by Scott Mayfield and loses puck.
7:11 of 1st period - Wrist shot by Johannes Salmonsson.
7:11 of 1st period - Stopped by Chet Pickard with a rebound.
7:25 of 1st period - Justin Williams is hit by Daniel Paille and loses puck.
8:30 of 1st period - William Colbert is hit by Jerome Samson and loses puck.
9:02 of 1st period - Slapshot by Brady Skjei.
9:02 of 1st period - Stopped by Tyler Plante without a rebound.
9:03 of 1st period - Riley Sheahan wins face-off versus Mika Zibanejad in Remparts zone.
9:04 of 1st period - Slapshot by Marcus Foligno.
9:04 of 1st period - Shot Blocked by Cody Ceci.
9:16 of 1st period - Slapshot by Mika Zibanejad.
9:16 of 1st period - Shot Blocked by Derek Joslin.
9:18 of 1st period - Snap shot by Kris Russell.
9:18 of 1st period - Shot Misses the Net.
10:08 of 1st period - Wrist shot by Riley Sheahan.
10:08 of 1st period - Shot Misses the Net.
10:10 of 1st period - Slapshot by Derek Joslin.
10:10 of 1st period - Goal by Derek Joslin - Remparts : 0 - Mustangs : 1.
10:11 of 1st period - Riley Sheahan wins face-off versus Mika Zibanejad in neutral zone.
10:40 of 1st period - Snap shot by Tomas Tatar.
10:40 of 1st period - Shot Misses the Net.
11:14 of 1st period - Minor Penalty to Joshua Leivo for Hooking.
11:15 of 1st period - Riley Sheahan wins face-off versus Mika Zibanejad in Mustangs zone.
11:50 of 1st period - Slapshot by Daniel Paille.
11:50 of 1st period - Deflect By Max Reinhart.
11:50 of 1st period - Goal by Max Reinhart - Remparts : 1 - Mustangs : 1.
11:51 of 1st period - Riley Sheahan wins face-off versus Mika Zibanejad in neutral zone.
12:08 of 1st period - Icing by Riley Sheahan.
12:09 of 1st period - Max Reinhart wins face-off versus Riley Sheahan in Mustangs zone.
12:12 of 1st period - Slapshot by Daniel Paille.
12:12 of 1st period - Shot Misses the Net.
12:32 of 1st period - Wrist shot by Marcus Foligno.
12:32 of 1st period - Shot Misses the Net.
12:34 of 1st period - Snap shot by Marcus Foligno.
12:34 of 1st period - Shot Misses the Net.
12:46 of 1st period - Slapshot by Marcus Foligno.
12:46 of 1st period - Shot Blocked by Alex Galchenyuk.
12:48 of 1st period - Snap shot by Riley Sheahan.
12:48 of 1st period - Goal by Riley Sheahan - Remparts : 1 - Mustangs : 2.
12:49 of 1st period - Mika Zibanejad wins face-off versus Jim O'Brien in neutral zone.
12:57 of 1st period - Slapshot by Brady Skjei.
12:57 of 1st period - Shot Misses the Net.
12:59 of 1st period - Wrist shot by Jim O'Brien.
12:59 of 1st period - Shot Misses the Net.
13:01 of 1st period - Wrist shot by Tomas Tatar.
13:01 of 1st period - Shot Misses the Net.
13:03 of 1st period - Snap shot by Tomas Tatar.
13:03 of 1st period - Mustangs goal is going for a video replay.
13:03 of 1st period - The goal is good.
13:03 of 1st period - Goal by Tomas Tatar - Remparts : 1 - Mustangs : 3.
13:04 of 1st period - Jim O'Brien wins face-off versus Mika Zibanejad in neutral zone.
13:07 of 1st period - Snap shot by Jim O'Brien.
13:07 of 1st period - Stopped by Tyler Plante with a rebound.
13:15 of 1st period - Wrist shot by Alex Galchenyuk.
13:15 of 1st period - Goal by Alex Galchenyuk - Remparts : 2 - Mustangs : 3.
13:16 of 1st period - Riley Sheahan wins face-off versus Mika Zibanejad in neutral zone.
13:29 of 1st period - Snap shot by Josh Jooris.
13:29 of 1st period - Stopped by Tyler Plante without a rebound.
13:30 of 1st period - Max Reinhart wins face-off versus Jim O'Brien in Remparts zone.
13:42 of 1st period - Wrist shot by Jim O'Brien.
13:42 of 1st period - Shot Misses the Net.
13:44 of 1st period - Slapshot by Derek Joslin.
13:44 of 1st period - Shot Misses the Net.
13:46 of 1st period - Wrist shot by Brady Skjei.
13:46 of 1st period - Stopped by Tyler Plante with a rebound.
13:53 of 1st period - Icing by Kris Russell.
13:54 of 1st period - Riley Sheahan wins face-off versus Mika Zibanejad in Remparts zone.
13:57 of 1st period - Wrist shot by Riley Sheahan.
13:57 of 1st period - Stopped by Tyler Plante with a rebound.
13:59 of 1st period - Wrist shot by Riley Sheahan.
13:59 of 1st period - Stopped by Tyler Plante without a rebound.
14:00 of 1st period - Riley Sheahan wins face-off versus Mika Zibanejad in Remparts zone.
14:26 of 1st period - Riley Sheahan is hit by Cody Ceci and loses puck.
14:48 of 1st period - Wrist shot by Josh Jooris.
14:48 of 1st period - Stopped by Tyler Plante with a rebound.
15:20 of 1st period - Snap shot by Marcus Foligno.
15:20 of 1st period - Stopped by Tyler Plante without a rebound.
15:21 of 1st period - Jim O'Brien wins face-off versus Max Reinhart in Remparts zone.
15:57 of 1st period - Snap shot by Andreas Athanasiou.
15:57 of 1st period - Shot Blocked by Mike Weber.
16:11 of 1st period - William Colbert is hit by Denis Bodrov and loses puck.
17:17 of 1st period - Snap shot by Johannes Salmonsson.
17:17 of 1st period - Stopped by Chet Pickard with a rebound.
17:19 of 1st period - Wrist shot by Johannes Salmonsson.
17:19 of 1st period - Deflect By Chris Mueller.
17:19 of 1st period - Stopped by Chet Pickard without a rebound.
17:20 of 1st period - Chris Mueller wins face-off versus Jim O'Brien in Mustangs zone.
17:25 of 1st period - Slapshot by Mike Weber.
17:25 of 1st period - Stopped by Chet Pickard with a rebound.
17:27 of 1st period - Snap shot by Mike Weber.
17:27 of 1st period - Stopped by Chet Pickard with a rebound.
17:29 of 1st period - Snap shot by Chris Mueller.
17:29 of 1st period - Shot Misses the Net.
17:31 of 1st period - Slapshot by Mike Weber.
17:31 of 1st period - Stopped by Chet Pickard with a rebound.
17:33 of 1st period - Slapshot by Mike Weber.
17:33 of 1st period - Stopped by Chet Pickard with a rebound.
17:35 of 1st period - Slapshot by Johannes Salmonsson.
17:35 of 1st period - Stopped by Chet Pickard with a rebound.
18:08 of 1st period - Snap shot by Brady Skjei.
18:08 of 1st period - Shot Blocked by Kris Russell.
18:10 of 1st period - Slapshot by Derek Joslin.
18:10 of 1st period - Stopped by Tyler Plante with a rebound.
18:30 of 1st period - Slapshot by Brady Skjei.
18:30 of 1st period - Deflect By Pasi Salonen.
18:30 of 1st period - Stopped by Tyler Plante with a rebound.
18:36 of 1st period - Slapshot by Michal Jordan.
18:36 of 1st period - Stopped by Chet Pickard with a rebound.
18:38 of 1st period - Slapshot by Michal Jordan.
18:38 of 1st period - Deflect By Brandon Mashinter.
18:38 of 1st period - Shot Misses the Net.
18:38 of 1st period - Puck is out of play.
18:39 of 1st period - Max Reinhart wins face-off versus Riley Sheahan in Mustangs zone.
19:06 of 1st period - Alex Galchenyuk is hit by Andrew Shaw and loses puck.
19:11 of 1st period - Wrist shot by Jim O'Brien.
19:11 of 1st period - Stopped by Tyler Plante with a rebound.
19:29 of 1st period - Wrist shot by Riley Nash.
19:29 of 1st period - Stopped by Tyler Plante with a rebound.
19:31 of 1st period - Slapshot by Jerome Samson.
19:31 of 1st period - Stopped by Tyler Plante without a rebound.
19:32 of 1st period - Riley Nash wins face-off versus Brandon Mashinter in Remparts zone.
19:39 of 1st period - Slapshot by Riley Nash.
19:39 of 1st period - Shot Blocked by Kris Russell.
19:41 of 1st period - Minor Penalty to Pasi Salonen for Hooking.
19:42 of 1st period - Riley Sheahan wins face-off versus Max Reinhart in Remparts zone.
19:45 of 1st period - Snap shot by Marcus Foligno.
19:45 of 1st period - Shot Misses the Net.
19:55 of 1st period - Slapshot by Marcus Foligno.
19:55 of 1st period - Shot Blocked by Max Reinhart.
Goals for this period are 2 for Remparts vs 3 for Mustangs.
Shots for this period are 13 for Remparts vs 18 for Mustangs.
2nd period
0:01 of 2nd period - Riley Sheahan wins face-off versus Max Reinhart in neutral zone.
0:14 of 2nd period - Minor Penalty to Marcus Foligno for Tripping.
0:15 of 2nd period - Riley Sheahan wins face-off versus Mika Zibanejad in Mustangs zone.
0:19 of 2nd period - Kris Russell is hit by Riley Sheahan and loses puck.
0:57 of 2nd period - Icing by Kris Russell.
0:58 of 2nd period - Max Reinhart wins face-off versus Justin Williams in Remparts zone.
1:03 of 2nd period - Slapshot by Guillaume Desbiens.
1:03 of 2nd period - Deflect By Max Reinhart.
1:03 of 2nd period - Shot Blocked by Brady Skjei.
1:03 of 2nd period - Puck is out of play.
1:04 of 2nd period - Andrew Shaw wins face-off versus Max Reinhart in Mustangs zone.
1:11 of 2nd period - Slapshot by Derek Joslin.
1:11 of 2nd period - Shot Blocked by Griffin Reinhart.
1:13 of 2nd period - Slapshot by Derek Joslin.
1:13 of 2nd period - Stopped by Tyler Plante with a rebound.
1:15 of 2nd period - Slapshot by Andrew Shaw.
1:15 of 2nd period - Deflect By Riley Sheahan.
1:15 of 2nd period - Shot Blocked by Max Reinhart.
1:15 of 2nd period - Puck is out of play.
1:16 of 2nd period - Riley Sheahan wins face-off versus Mika Zibanejad in Remparts zone.
1:17 of 2nd period - Wrist shot by Andrew Shaw.
1:17 of 2nd period - Stopped by Tyler Plante with a rebound.
1:23 of 2nd period - Snap shot by Alex Galchenyuk.
1:23 of 2nd period - Stopped by Chet Pickard without a rebound.
1:24 of 2nd period - Riley Sheahan wins face-off versus Mika Zibanejad in Mustangs zone.
1:33 of 2nd period - Off-side.
1:34 of 2nd period - Riley Sheahan wins face-off versus Mika Zibanejad in neutral zone.
1:37 of 2nd period - Alex Galchenyuk is hit by Andrew Shaw and loses puck.
1:41 of 2nd period - Penalty to Pasi Salonen is over, Pasi Salonen is back on ice.
1:48 of 2nd period - Wrist shot by Pasi Salonen.
1:48 of 2nd period - Shot Misses the Net.
2:06 of 2nd period - Snap shot by Alex Galchenyuk.
2:06 of 2nd period - Stopped by Chet Pickard with a rebound.
2:08 of 2nd period - Wrist shot by Pasi Salonen.
2:08 of 2nd period - Stopped by Chet Pickard with a rebound.
2:10 of 2nd period - Snap shot by Mika Zibanejad.
2:10 of 2nd period - Stopped by Chet Pickard with a rebound.
2:14 of 2nd period - Penalty to Marcus Foligno is over, Marcus Foligno is back on ice.
2:20 of 2nd period - Slapshot by Marcus Foligno.
2:20 of 2nd period - Stopped by Tyler Plante with a rebound.
2:28 of 2nd period - Wrist shot by Alex Galchenyuk.
2:28 of 2nd period - Stopped by Chet Pickard without a rebound.
2:29 of 2nd period - Max Reinhart wins face-off versus Andreas Athanasiou in Mustangs zone.
2:32 of 2nd period - Backhand shot by Daniel Paille.
2:32 of 2nd period - Shot Misses the Net.
2:34 of 2nd period - Slapshot by Max Reinhart.
2:34 of 2nd period - Shot Hit the Post.
2:36 of 2nd period - Snap shot by Ryan Strome.
2:36 of 2nd period - Deflect By Daniel Paille.
2:36 of 2nd period - Stopped by Chet Pickard with a rebound.
2:38 of 2nd period - Wrist shot by Ryan Strome.
2:38 of 2nd period - Shot Misses the Net.
2:40 of 2nd period - Wrist shot by Max Reinhart.
2:40 of 2nd period - Shot Blocked by Cameron Gaunce.
2:42 of 2nd period - Snap shot by Daniel Paille.
2:42 of 2nd period - Goal by Daniel Paille - Remparts : 3 - Mustangs : 3.
2:43 of 2nd period - Max Reinhart wins face-off versus Riley Sheahan in neutral zone.
2:49 of 2nd period - Icing by Ryan Strome.
2:50 of 2nd period - Riley Sheahan wins face-off versus Max Reinhart in Remparts zone.
3:25 of 2nd period - Matt Halischuk is hit by Marcus Foligno and loses puck.
3:50 of 2nd period - Kris Russell is hit by Derek Joslin and loses puck.
3:55 of 2nd period - Slapshot by Brady Skjei.
3:55 of 2nd period - Deflect By Riley Sheahan.
3:55 of 2nd period - Shot Misses the Net.
3:55 of 2nd period - Puck is out of play.
3:56 of 2nd period - Jim O'Brien wins face-off versus Mika Zibanejad in Remparts zone.
4:43 of 2nd period - Johannes Salmonsson is hit by Curtis Hamilton and loses puck.
5:04 of 2nd period - Guillaume Desbiens is hit by Derek Joslin.
5:16 of 2nd period - Slapshot by Mike Weber.
5:16 of 2nd period - Deflect By Brandon Mashinter.
5:16 of 2nd period - Shot Misses the Net.
5:16 of 2nd period - Puck is out of play.
5:17 of 2nd period - Andreas Athanasiou wins face-off versus Brandon Mashinter in Mustangs zone.
5:17 of 2nd period - Andreas Athanasiou is hit by Brandon Mashinter.
5:27 of 2nd period - Wrist shot by Joshua Leivo.
5:27 of 2nd period - Shot Blocked by Mike Weber.
5:29 of 2nd period - Slapshot by Cameron Gaunce.
5:29 of 2nd period - Shot Blocked by Mike Weber.
5:31 of 2nd period - Backhand shot by Joshua Leivo.
5:31 of 2nd period - Stopped by Tyler Plante with a rebound.
5:41 of 2nd period - Mika Zibanejad is hit by Jim O'Brien and loses puck.
7:06 of 2nd period - Snap shot by Tomas Tatar.
7:06 of 2nd period - Stopped by Tyler Plante with a rebound.
7:08 of 2nd period - Snap shot by Jim O'Brien.
7:08 of 2nd period - Shot Misses the Net.
7:42 of 2nd period - Slapshot by Michal Jordan.
7:42 of 2nd period - Shot Misses the Net.
7:48 of 2nd period - Mika Zibanejad is hit by Derek Joslin and loses puck.
8:45 of 2nd period - Minor Penalty to Matt Halischuk for Hooking.
8:46 of 2nd period - Riley Sheahan wins face-off versus Max Reinhart in Remparts zone.
9:05 of 2nd period - Johannes Salmonsson is hit by Marcus Foligno and loses puck.
9:24 of 2nd period - Slapshot by Mark Pysyk.
9:24 of 2nd period - Shot Misses the Net.
9:26 of 2nd period - Snap shot by Jim O'Brien.
9:26 of 2nd period - Goal by Jim O'Brien - Remparts : 3 - Mustangs : 4.
9:27 of 2nd period - Riley Sheahan wins face-off versus Mika Zibanejad in neutral zone.
9:57 of 2nd period - Backhand shot by Cameron Gaunce.
9:57 of 2nd period - Shot Blocked by Ryan Strome.
10:13 of 2nd period - Snap shot by Joshua Leivo.
10:13 of 2nd period - Shot Misses the Net.
10:15 of 2nd period - Slapshot by Justin Williams.
10:15 of 2nd period - Goal by Justin Williams - Remparts : 3 - Mustangs : 5.
10:16 of 2nd period - Mika Zibanejad wins face-off versus Riley Sheahan in neutral zone.
11:00 of 2nd period - Slapshot by Derek Joslin.
11:00 of 2nd period - Deflect By Andreas Athanasiou.
11:00 of 2nd period - Stopped by Tyler Plante with a rebound.
11:31 of 2nd period - Chris Mueller is hit by Riley Sheahan and loses puck.
11:38 of 2nd period - Slapshot by Riley Sheahan.
11:38 of 2nd period - Shot Misses the Net.
11:52 of 2nd period - Denis Bodrov is hit by Mika Zibanejad and loses puck.
12:11 of 2nd period - Max Reinhart is hit by Andreas Athanasiou and loses puck.
12:35 of 2nd period - Snap shot by Riley Nash.
12:35 of 2nd period - Shot Misses the Net.
12:55 of 2nd period - Wrist shot by Jim O'Brien.
12:55 of 2nd period - Shot Blocked by Matt Halischuk.
13:01 of 2nd period - Wrist shot by Pasi Salonen.
13:01 of 2nd period - Stopped by Chet Pickard with a rebound.
13:03 of 2nd period - Slapshot by Cody Ceci.
13:03 of 2nd period - Shot Blocked by Cameron Gaunce.
13:05 of 2nd period - Slapshot by Kris Russell.
13:05 of 2nd period - Shot Misses the Net.
13:27 of 2nd period - Snap shot by Josh Jooris.
13:27 of 2nd period - Shot Blocked by Mike Weber.
13:29 of 2nd period - Snap shot by Riley Sheahan.
13:29 of 2nd period - Stopped by Tyler Plante with a rebound.
14:13 of 2nd period - Snap shot by Justin Williams.
14:13 of 2nd period - Shot Blocked by Michal Jordan.
14:27 of 2nd period - Slapshot by Josh Jooris.
14:27 of 2nd period - Stopped by Tyler Plante without a rebound.
14:28 of 2nd period - Mika Zibanejad wins face-off versus Riley Sheahan in Remparts zone.
14:32 of 2nd period - Off-side.
14:33 of 2nd period - Riley Sheahan wins face-off versus Guillaume Desbiens in neutral zone.
15:47 of 2nd period - Icing by Curtis Hamilton.
15:48 of 2nd period - Chris Mueller wins face-off versus Riley Nash in Mustangs zone.
15:49 of 2nd period - Snap shot by Johannes Salmonsson.
15:49 of 2nd period - Stopped by Chet Pickard without a rebound.
15:50 of 2nd period - Riley Sheahan wins face-off versus Chris Mueller in Mustangs zone.
16:42 of 2nd period - Wrist shot by Chris Mueller.
16:42 of 2nd period - Stopped by Chet Pickard without a rebound.
16:43 of 2nd period - Mika Zibanejad wins face-off versus Jim O'Brien in Mustangs zone.
16:44 of 2nd period - Slapshot by Alex Galchenyuk.
16:44 of 2nd period - Shot Misses the Net.
16:54 of 2nd period - Wrist shot by Brady Skjei.
16:54 of 2nd period - Shot Blocked by Alex Galchenyuk.
16:56 of 2nd period - Slapshot by Derek Joslin.
16:56 of 2nd period - Stopped by Tyler Plante without a rebound.
16:57 of 2nd period - Jim O'Brien wins face-off versus Mika Zibanejad in Remparts zone.
17:06 of 2nd period - Wrist shot by Tomas Tatar.
17:06 of 2nd period - Shot Misses the Net.
17:24 of 2nd period - Derek Joslin is hit by Kris Russell and loses puck.
17:45 of 2nd period - Snap shot by Riley Nash.
17:45 of 2nd period - Stopped by Tyler Plante with a rebound.
17:51 of 2nd period - Jerome Samson is hit by Brandon Mashinter and loses puck.
18:44 of 2nd period - Ryan Strome is hit by Justin Williams and loses puck.
19:05 of 2nd period - Slapshot by Cody Ceci.
19:05 of 2nd period - Deflect By Jerome Samson.
19:05 of 2nd period - Stopped by Chet Pickard without a rebound.
19:06 of 2nd period - Brandon Mashinter wins face-off versus Riley Nash in Mustangs zone.
19:11 of 2nd period - Snap shot by Brandon Mashinter.
19:11 of 2nd period - Goal by Brandon Mashinter - Remparts : 4 - Mustangs : 5.
19:12 of 2nd period - Mika Zibanejad wins face-off versus Marcus Foligno in neutral zone.
19:56 of 2nd period - Wrist shot by Pasi Salonen.
19:56 of 2nd period - Stopped by Chet Pickard without a rebound.
19:57 of 2nd period - Brandon Mashinter wins face-off versus Andreas Athanasiou in Mustangs zone.
Goals for this period are 2 for Remparts vs 2 for Mustangs.
Shots for this period are 13 for Remparts vs 12 for Mustangs.
3rd period
0:01 of 3rd period - Riley Sheahan wins face-off versus Mika Zibanejad in neutral zone.
0:06 of 3rd period - Wrist shot by Josh Jooris.
0:06 of 3rd period - Deflect By Marcus Foligno.
0:06 of 3rd period - Shot Misses the Net.
0:06 of 3rd period - Puck is out of play.
0:07 of 3rd period - Josh Jooris wins face-off versus Mika Zibanejad in Remparts zone.
0:10 of 3rd period - Wrist shot by Marcus Foligno.
0:10 of 3rd period - Shot Misses the Net.
0:12 of 3rd period - Slapshot by Derek Joslin.
0:12 of 3rd period - Shot Misses the Net.
0:56 of 3rd period - Snap shot by Brady Skjei.
0:56 of 3rd period - Goal by Brady Skjei - Remparts : 4 - Mustangs : 6.
0:57 of 3rd period - Jim O'Brien wins face-off versus Alex Galchenyuk in neutral zone.
1:22 of 3rd period - Mika Zibanejad is hit by Cameron Gaunce and loses puck.
2:12 of 3rd period - Wrist shot by Pasi Salonen.
2:12 of 3rd period - Deflect By Matt Halischuk.
2:12 of 3rd period - Shot Misses the Net.
2:12 of 3rd period - Puck is out of play.
2:13 of 3rd period - Brandon Mashinter wins face-off versus Jim O'Brien in Mustangs zone.
2:40 of 3rd period - Icing by Pasi Salonen.
2:41 of 3rd period - Max Reinhart wins face-off versus Marcus Foligno in Remparts zone.
2:41 of 3rd period - Max Reinhart is hit by Marcus Foligno.
3:07 of 3rd period - Icing by Mike Weber.
3:08 of 3rd period - Max Reinhart wins face-off versus Jim O'Brien in Remparts zone.
3:17 of 3rd period - Wrist shot by Tomas Tatar.
3:17 of 3rd period - Stopped by Tyler Plante without a rebound.
3:18 of 3rd period - Mika Zibanejad wins face-off versus Riley Sheahan in Remparts zone.
3:18 of 3rd period - Mika Zibanejad is hit by Cameron Gaunce.
3:58 of 3rd period - Wrist shot by Mika Zibanejad.
3:58 of 3rd period - Stopped by Chet Pickard with a rebound.
4:00 of 3rd period - Snap shot by Guillaume Desbiens.
4:00 of 3rd period - Stopped by Chet Pickard with a rebound.
4:02 of 3rd period - Backhand shot by Alex Galchenyuk.
4:02 of 3rd period - Shot Misses the Net.
4:04 of 3rd period - Wrist shot by Mika Zibanejad.
4:04 of 3rd period - Shot Misses the Net.
4:38 of 3rd period - Brady Skjei is hit by Pasi Salonen and loses puck.
4:59 of 3rd period - Wrist shot by Johannes Salmonsson.
4:59 of 3rd period - Deflect By Andrew Shaw.
4:59 of 3rd period - Shot Misses the Net.
4:59 of 3rd period - Puck is out of play.
5:00 of 3rd period - Jim O'Brien wins face-off versus Chris Mueller in Mustangs zone.
5:25 of 3rd period - Snap shot by Andrew Shaw.
5:25 of 3rd period - Stopped by Tyler Plante with a rebound.
6:09 of 3rd period - Slapshot by Brady Skjei.
6:09 of 3rd period - Shot Blocked by William Colbert.
6:38 of 3rd period - Off-side.
6:39 of 3rd period - Guillaume Desbiens wins face-off versus Josh Jooris in neutral zone.
7:54 of 3rd period - Wrist shot by Johannes Salmonsson.
7:54 of 3rd period - Shot Misses the Net.
8:04 of 3rd period - Jerome Samson is hit by Guillaume Desbiens and loses puck.
8:43 of 3rd period - Cameron Gaunce is hit by Matt Halischuk and loses puck.
9:12 of 3rd period - Riley Nash is hit by Johannes Salmonsson and loses puck.
9:55 of 3rd period - Kris Russell is hit by Tomas Tatar.
10:25 of 3rd period - Snap shot by Joshua Leivo.
10:25 of 3rd period - Stopped by Tyler Plante without a rebound.
10:26 of 3rd period - Mika Zibanejad wins face-off versus Riley Sheahan in Remparts zone.
10:26 of 3rd period - Mika Zibanejad is hit by Riley Sheahan.
10:38 of 3rd period - Slapshot by Guillaume Desbiens.
10:38 of 3rd period - Stopped by Chet Pickard with a rebound.
10:51 of 3rd period - Riley Sheahan is hit by Matt Halischuk and loses puck.
11:38 of 3rd period - Snap shot by Mika Zibanejad.
11:38 of 3rd period - Deflect By Andreas Athanasiou.
11:38 of 3rd period - Stopped by Chet Pickard without a rebound.
11:39 of 3rd period - Mika Zibanejad wins face-off versus Andreas Athanasiou in Mustangs zone.
12:06 of 3rd period - Wrist shot by Tomas Tatar.
12:06 of 3rd period - Shot Blocked by Kris Russell.
12:39 of 3rd period - Chris Mueller is hit by Scott Mayfield and loses puck.
12:57 of 3rd period - Griffin Reinhart is hit by Jerome Samson and loses puck.
13:10 of 3rd period - Guillaume Desbiens is hit by Jim O'Brien and loses puck.
14:12 of 3rd period - Wrist shot by Matt Halischuk.
14:12 of 3rd period - Stopped by Chet Pickard without a rebound.
14:13 of 3rd period - Riley Sheahan wins face-off versus Brandon Mashinter in Mustangs zone.
14:38 of 3rd period - Kris Russell is hit by Cameron Gaunce and loses puck.
14:45 of 3rd period - Snap shot by Brady Skjei.
14:45 of 3rd period - Stopped by Tyler Plante without a rebound.
14:46 of 3rd period - Riley Sheahan wins face-off versus Mika Zibanejad in Remparts zone.
15:38 of 3rd period - Off-side.
15:39 of 3rd period - Jim O'Brien wins face-off versus Mika Zibanejad in neutral zone.
15:52 of 3rd period - Slapshot by Brady Skjei.
15:52 of 3rd period - Stopped by Tyler Plante with a rebound.
16:21 of 3rd period - Wrist shot by Pasi Salonen.
16:21 of 3rd period - Deflect By Matt Halischuk.
16:21 of 3rd period - Stopped by Chet Pickard with a rebound.
16:47 of 3rd period - Slapshot by Denis Bodrov.
16:47 of 3rd period - Stopped by Tyler Plante with a rebound.
16:49 of 3rd period - Slapshot by Justin Williams.
16:49 of 3rd period - Shot Misses the Net.
16:55 of 3rd period - Slapshot by Mark Pysyk.
16:55 of 3rd period - Stopped by Tyler Plante with a rebound.
17:39 of 3rd period - Wrist shot by Joshua Leivo.
17:39 of 3rd period - Shot Misses the Net.
17:41 of 3rd period - Wrist shot by Joshua Leivo.
17:41 of 3rd period - Shot Misses the Net.
17:57 of 3rd period - Slapshot by Derek Joslin.
17:57 of 3rd period - Stopped by Tyler Plante with a rebound.
18:05 of 3rd period - Snap shot by Justin Williams.
18:05 of 3rd period - Stopped by Tyler Plante without a rebound.
18:06 of 3rd period - Max Reinhart wins face-off versus Riley Sheahan in Remparts zone.
18:08 of 3rd period - Minor Penalty to Ryan Strome for Hooking.
18:09 of 3rd period - Riley Sheahan wins face-off versus Max Reinhart in Remparts zone.
18:42 of 3rd period - Slapshot by Tomas Tatar.
18:42 of 3rd period - Stopped by Tyler Plante with a rebound.
18:44 of 3rd period - Slapshot by Brady Skjei.
18:44 of 3rd period - Shot Misses the Net.
Goals for this period are 0 for Remparts vs 1 for Mustangs.
Shots for this period are 6 for Remparts vs 11 for Mustangs.
Back to the Top